 Dungeon Crawl Stone Soup version 0.31-a0-627-gd65175cf8b (webtiles) character file.

Game seed: 6731201526539098781

609034 Gargoyl the Gargoyle Barricade (level 27, -10/298 HPs)
             Began as a Gargoyle Berserker on Aug 18, 2023.
             Was a High Priest of Trog.
             Mangled by a death cob (20 damage)
             ... on level 5 of the Realm of Zot on Aug 25, 2023.
             The game lasted 01:59:16 (57107 turns).

Gargoyl the Gargoyle Barricade (GrBe)              Turns: 57107, Time: 01:59:17

Health: -10/298    AC: 44    Str: 29    XL:     27
Magic:  23/23      EV: 26    Int: 11    God:    Trog [*****.]
Gold:   6985       SH: 29    Dex: 22    Spells: 26/26 levels left

rFire   + + .        v - +7 broad axe (venom)
rCold   + + .        i - +2 tower shield {reflect}
rNeg    + + .        q - +0 swamp dragon scales "Walis" {rPois Regen+ Str+3 Dex+3 Slay+2}
rPois   ∞            X - +2 helmet {SInv}
rElec   +            P - scarf {repulsion}
rCorr   .            H - +2 pair of gloves
SInv    +            O - +2 pair of boots
Will    +....        M - amulet of regeneration Stlth
                     d - +6 ring of dexterity
HPRegen 0.00/turn    r - ring "Gaoc" {rF++ rC+ rN+}
MPRegen 0.18/turn

%: random rage (3%), repel missiles, reflection
@: berserking (expiring), weak-willed, flying, inhibited regen, studying 4
skills, very quick
A: sickness immunity, AC +20, big wings, negative energy resistance 1,
electricity resistance, torment resistance 1, petrification resistance,
iridescent scales 1, berserk 1, cold resistance 1, inhibited regeneration, weak
1, inability to read after injury 2
}: 3/15 runes: serpentine, barnacled, silver
a: Renounce Religion, Berserk, Trog's Hand, Brothers in Arms


You were on level 5 of the Realm of Zot.
You worshipped Trog.
Trog was extremely pleased with you.
You visited 10 branches of the dungeon, and saw 50 of its levels.
You visited 1 bazaar.
You also visited: Sewer and Ice Cave.

You collected 8214 gold pieces.
You spent 1229 gold pieces at shops.

Inventory:

Hand Weapons
 v - a +7 broad axe of venom (weapon)
 E - the +6 war axe of Perversion {flame, rF+}
   (You found it on level 2 of the Shoals)

   rF+:       It protects you from fire.
 U - a +2 broad axe of electrocution
 V - the +5 war axe of the Dozen Planets {freeze, rF+ rC+}
   (You bought it in a shop on level 2 of the Orcish Mines)

   rF+:       It protects you from fire.
   rC+:       It protects you from cold.
 W - a +7 heavy war axe
Missiles
 n - 14 curare-tipped darts (quivered)
 x - 6 throwing nets
Armour
 i - a +2 tower shield of reflection (worn)
 q - the +0 swamp dragon scales "Walis" (worn) {rPois Regen+ Str+3 Dex+3 Slay+2}
   (You found it on level 2 of the Shoals)

   Str+3:     It affects your strength (+3).
   Dex+3:     It affects your dexterity (+3).
   Slay+2:    It affects your accuracy & damage with ranged weapons and melee
   (+2).
   rPois:     It protects you from poison Regen+: It increases your rate of
   health regeneration.
 F - the +2 kite shield "Buucsikh" {+Blink}
   (You found it on level 14 of the Dungeon)

   +Blink:    It lets you blink.
 H - a +2 pair of gloves (worn)
 O - a +2 pair of boots (worn)
 P - a scarf of repulsion (worn)
 X - a +2 helmet of see invisible (worn)
Jewellery
 c - the amulet "Wyq Vehiom" {Harm Will+ Regen+}
   (You found it on level 3 of the Shoals)

   [amulet of regeneration]

   Will+:     It increases your willpower.
   Regen+:    It increases your rate of health regeneration.
   Harm:      It increases damage dealt and taken.
 d - a +6 ring of dexterity (left hand)
 o - the ring of Tuev {rF+ AC+4 Str+5 Stlth+}
   (You took it off a deep elf knight on level 3 of the Elven Halls)

   [ring of protection]

   AC+4:      It affects your AC (+4).
   Str+5:     It affects your strength (+5).
   rF+:       It protects you from fire.
   Stlth+:    It makes you more stealthy.
 r - the ring "Gaoc" (right hand) {rF++ rC+ rN+}
   (You acquired it on level 4 of the Dungeon)

   [ring of protection from cold]

   rF++:      It greatly protects you from fire.
   rC+:       It protects you from cold.
   rN+:       It protects you from negative energy.
 M - an amulet of regeneration (around neck)
 Z - a ring of resist corrosion
Wands
 a - a wand of iceblast (35)
 l - a wand of digging (19)
 s - a wand of flame (70)
 w - a wand of mindburst (46)
 A - a wand of charming (63)
 B - a wand of light (45)
 L - a wand of polymorph (7)
Scrolls
 f - 7 scrolls of fog
 h - 8 scrolls of immolation
 k - 10 scrolls of blinking
 t - 2 scrolls of enchant armour
 y - 21 scrolls of teleportation
 z - 9 scrolls of poison
 D - 3 scrolls of silence
 G - 2 scrolls of vulnerability
 I - 3 scrolls of revelation
 N - 2 scrolls of butterflies
 R - 6 scrolls of fear
 S - 34 scrolls of identify
Potions
 b - 8 potions of resistance
 e - 9 potions of ambrosia
 g - 17 potions of heal wounds
 m - 21 potions of curing
 p - 6 potions of cancellation
 u - 6 potions of might
 C - 8 potions of haste
 J - 3 potions of mutation
 K - 6 potions of lignification
 Q - 9 potions of attraction
 T - a potion of berserk rage
 Y - 10 potions of enlightenment


   Skills:
 O Level 27 Fighting
 + Level 3.3 Long Blades
 + Level 26.4 Axes
 + Level 0.8(17.6) Polearms
 + Level 1.6 Throwing
 + Level 13.0 Armour
 + Level 18.4 Dodging
 - Level 8.2 Stealth
 O Level 27 Shields


You had 26 spell levels left.
You didn't know any spells.
Your spell library was empty.

Dungeon Overview and Level Annotations

Branches:
Dungeon (15/15)            Temple (0/1) D:5            Lair (5/5) D:11
 Shoals (4/4) Lair:2        Snake (4/4) Lair:3          Orc (2/2) D:9
    Elf (3/3) Orc:2        Vaults (5/5) D:13          Crypt (3/3) Vaults:3
   Tomb (0/3) Crypt:3      Depths (4/4) D:15            Zot (5/5) Depths:4
  Sewer (visited)           IceCv (visited)
  Slime: Lair:4-5

Altars:
Ashenzari
Cheibriados
Gozag
Hepliaklqana
Kikubaaqudgha
Nemelex Xobeh
Okawaru
Ru
Sif Muna
Trog
Vehumet
Wu Jian
Xom
Zin
The Shining One
Lugonu

Shops:
D:4 *   D:5 ![*   D:9 (   Orc:2 (([=   Elf:3 [   Snake:3 (   Snake:4 =:=
Vaults:3 *   Vaults:4 [

Portals:
Hell: Depths:1 Depths:2 Depths:3 Depths:4
Abyss: Depths:1 Depths:2 Depths:3
Pandemonium: Depths:2 Depths:3
Ziggurat: Depths:3

Annotations:
D:10 2 transporters, eye's ghost, journeyman MeEE


Innate Abilities, Weirdness & Mutations

You are immune to sickness and miasma.
Your stone body is resilient. (AC +20)
You are immune to poison.
Your large and strong wings let you fly.
You resist negative energy. (rN+)
You are resistant to electric shocks. (rElec)
You are resistant to unholy torment.
You are immune to petrification.
You are partially covered in iridescent scales. (AC +2)
You sometimes lose your temper in combat.
Your flesh is cold resistant. (rC+)
You do not regenerate when monsters are visible.
You are weak. (Str -2)
You sometimes lose the ability to read scrolls when taking damage.


Message History

You lose the ability to read scrolls when taking damage more often.
The Killer Klown pies you viciously! The klown pie misses you.
The klown pie hits the Orb Guardian!!!
The Orb Guardian dies!
You block the death cob's attack.
The electric golem crackles and sizzles.
You slash the storm dragon!
You kill the storm dragon!
Trog accepts your kill.
You hit the orb of fire. You slice the death cob!! You slash the Killer Klown!
The Killer Klown looks as sick as possible!
You hit the orb of fire. The death cob completely misses you.
An Orb Guardian comes into view.
The Killer Klown headlocks you but does no damage.
You slice the orb of fire!!
The orb of fire is heavily damaged.
You slash the Killer Klown!
The Killer Klown looks as sick as possible!
You slice the orb of fire!! You hit the death cob but do no damage.
You block the death cob's attack.
The electric golem blinks!
An Orb Guardian comes into view.
The orb of fire glows bright magenta.
The bolt of fire is repelled.
You slash the orb of fire!
The orb of fire is heavily damaged.
You slash the orb of fire! You miss the death cob. You slice the Killer Klown!!
The Killer Klown looks as sick as possible!
The death cob hits you but does no damage.
The Killer Klown pies you viciously!
Your +2 tower shield of reflection blocks the klown pie... and reflects it back!
The klown pie hits the Killer Klown.
Cherry!
The Killer Klown looks more vulnerable to fire.
The death cob misses you.
You slice the orb of fire!!
The orb of fire is severely damaged.
You closely miss the death cob. You slash the Killer Klown!
The Killer Klown looks as sick as possible!
You hit the orb of fire but do no damage.
The electric golem blinks!
The death cob hits you!!
You die...

.............###.................
▓▓################▓▓▓▓########.##
.^....†.[.....## #..........
.^.............## ##.........
....D......§....## #.........
........9........# ##........
.................# #........
.....§......p....# ##........
...........X*@...# #.........
....§.......*zX§.# ##.........
....§...p.......###..........
$^.....X.......###...########
...§..X.......##....##
..^9§..^......^...###
...§§##▓▓▓▓▓▓▓▓▓▓▓# .^DX ...


You could see 2 orbs of fire, 2 Killer Klowns, an electric golem, a death cob
and 4 Orb Guardians.

Vanquished Creatures
  4 dread liches
  2 orbs of fire (Zot:5)
  3 ancient liches
  A juggernaut (Depths:3)
  Vv (Zot:3)
  Vashnia (Snake:4)
  Boris (thrice) (Vaults:4 Depths:3 Depths:4)
  Bai Suzhen (Shoals:4)
  Margery (Crypt:3)
  5 caustic shrikes (Depths:4)
  Frederick (Vaults:4)
  4 curse toes
  8 golden dragons
  A bone dragon (Crypt:3)
  2 electric golems
  13 tentacled monstrosities
  6 liches
  3 deep elf blademasters
  20 Orb Guardians (Zot:5)
  Mlioglotl (Snake:4)
  5 titans
  A deep elf master archer (Elf:3)
  5 krakens
  12 sphinxes
  5 quicksilver dragons
  3 ancient champions
  Polyphemus (Shoals:3)
  An eldritch tentacle (Zot:5)
  Gastronok (D:11)
  7 tengu reavers
  16 storm dragons
  5 death cobs
  A thorn hunter (Snake:3)
  6 shadow dragons
  Ilsuiw (Shoals:2)
  Roxanne (Elf:1)
  Donald (Vaults:2)
  5 nagarajas
  6 draconian monks
  5 fire giants
  3 revenants
  6 draconian scorchers
  4 draconian knights
  5 frost giants
  14 vault wardens
  2 deep elf sorcerers (Elf:3)
  5 iron dragons
  A ghost moth (Zot:4)
  3 orc warlords
  8 ghouls
  4 balrugs (Depths:2)
  2 draconian stormcallers
  A draconian shifter (Zot:4)
  A draconian annihilator (Zot:5)
  A curse skull (Crypt:3)
  17 stone giants
  5 formless jellyfish
  14 ironbound preservers
  9 war gargoyles
  6 deep elf elementalists
  A caustic shrike skeleton (Crypt:3)
  A reaper (Zot:5)
  7 deep elf demonologists
  11 very ugly things
  7 ironbound thunderhulks
  A juggernaut skeleton (Crypt:2)
  6 green draconians
  9 vampire knights
  18 dire elephants
  A minotaur (D:12)
  10 deep elf annihilators
  10 white draconians
  11 spark wasps
  6 purple draconians
  A spark wasp (shapeshifter) (Vaults:1)
  4 black draconians
  9 red draconians
  9 yellow draconians
  8 deep elf death magi
  2 eidola (Crypt:2)
  2 green deaths
  Snorg (Lair:5)
  6 fire dragons
  11 ettins
  15 yaktaur captains
  The ghost of mohammadb5305 the Arsonist, a journeyman HuFE of Gozag (D:12)
  12 merfolk impalers
  3 crystal guardians
  9 merfolk javelineers
  7 deep elf high priests
  3 entropy weavers
  8 jiangshi
  Erolcha (D:13)
  Josephine (D:11)
  9 hydras
  3 rakshasas
  8 great orbs of eyes
  4 peacekeepers
  8 salamander tyrants
  2 catoblepae
  7 ice dragons
  33 vault guards
  15 anacondas
  2 death knights (Crypt:1)
  A spriggan skeleton (Crypt:3)
  7 centaur warriors
  2 merfolk avatars
  3 ogre magi (Vaults:5)
  6 ironbound frosthearts
  A radroach (shapeshifter) (Vaults:3)
  Erica (D:11)
  13 naga warriors
  3 boulder beetles
  22 dancing weapons
  8 satyrs
  A two-headed ogre (shapeshifter) (Vaults:3)
  5 tengu warriors
  4 alligators (Snake:3)
  10 death yaks
  7 merfolk aquamancers
  9 two-headed ogres
  A quicksilver ooze zombie (Crypt:1)
  5 vampire magi
  8 deep troll earth magi
  11 deep troll shamans
  A spriggan berserker (Depths:2)
  A storm dragon zombie (D:15)
  15 naga sharpshooters
  2 orc high priests
  7 shock serpents
  22 deep elf knights
  3 large abominations (Depths:3)
  16 hell knights
  Urug (D:13)
  Sonja (D:13)
  Amaemon (Lair:1)
  43 skeletal warriors
  6 sun demons
  The ghost of greenbourne the Slicer, a novice SpEn of Ashenzari (D:9)
  4 flayed ghosts
  A sixfirhy (Depths:2)
  12 iron trolls
  5 skysharks
  A storm dragon skeleton (Crypt:3)
  9 salamander mystics
  A bunyip zombie (Crypt:3)
  Lodul (D:11)
  A fire crab (D:9)
  9 sea snakes
  7 wizards
  13 ironbound convokers
  2 bog bodies
  10 deep elf archers
  2 orb spiders (shapeshifter) (Vaults:3)
  51 deep trolls
  3 swamp dragons
  19 harpies
  A golden dragon skeleton (Crypt:2)
  Pikel (D:6)
  8 naga ritualists
  33 deep elf pyromancers
  10 phantasmal warriors
  8 lindwurms
  5 necromancers
  2 orc sorcerers (Orc:2)
  7 orc knights
  29 deep elf zephyrmancers
  An anaconda skeleton (Crypt:3)
  2 wolf spiders (D:10)
  A frost giant zombie (Crypt:1)
  9 mana vipers
  11 cyclopes
  35 salamanders
  24 fauns
  27 ugly things
  14 manticores
  A stone giant zombie (Crypt:3)
  A cyclops (shapeshifter) (Vaults:5)
  A shining eye (shapeshifter) (Depths:4)
  An iron dragon skeleton (D:15)
  A frost giant skeleton (D:15)
  20 moths of wrath
  A fire giant skeleton (D:15)
  11 merfolk sirens
  15 elephants
  7 water nymphs
  An eye of devastation (shapeshifter) (Vaults:3)
  5 guardian serpents
  3 rust devils (Depths:3)
  Maurice (D:14)
  2 ice statues (IceCv)
  14 vault sentinels
  A centaur skeleton (Crypt:3)
  30 black mambas
  13 cane toads
  A smoke demon (Crypt:3)
  26 naga magi
  A torpor snail (shapeshifter) (Vaults:3)
  A torpor snail (Lair:3)
  An orange demon (Lair:1)
  8 gargoyles
  A hellion (Depths:2)
  6 rime drakes
  2 unseen horror zombies (D:9)
  An efreet (D:15)
  2 kobold demonologists
  A dire elephant skeleton (Crypt:3)
  3 freezing wraiths
  3 unseen horrors
  A yaktaur (shapeshifter) (Vaults:2)
  33 yaktaurs
  9 komodo dragons
  3 ice devils
  A harpy zombie (Crypt:3)
  4 trolls
  4 guardian mummies
  6 red devils (Crypt:3)
  10 polar bears
  59 merfolk
  3 hellwings
  4 wind drakes
  A hornet (D:9)
  2 raiju (Lair:5)
  Prince Ribbit (D:9)
  A dream sheep (shapeshifter) (Vaults:3)
  10 snapping turtles
  10 blink frogs
  10 flying skulls (Crypt:2)
  13 dream sheep
  A culicivora (Vaults:2)
  A radroach zombie (Crypt:2)
  8 air elementals
  28 slime creatures
  An ettin skeleton (Crypt:3)
  5 vampires
  18 wraiths
  4 wyverns
  A jumping spider (Vaults:5)
  An ice dragon skeleton (Crypt:2)
  67 yaks
  3 fire elementals (Elf:2)
  16 humans (D:13)
  A ynoxinul (Depths:3)
  4 shadows
  21 water elementals
  2 neqoxecs (Depths:2)
  Eustachio (D:6)
  5 basilisks
  12 redbacks
  10 vampire mosquitoes
  4 chaos spawn
  Menkaure (D:6)
  4 steam dragons (Lair:5)
  46 nagas
  6 wargs
  4 swamp worms (Snake:3)
  A water nymph zombie (Crypt:1)
  5 acid dragons
  16 water moccasins
  A deep troll skeleton (Crypt:2)
  15 hell hounds (Lair:5)
  An ice beast (shapeshifter) (Vaults:5)
  12 black bears
  3 swamp drakes
  A swamp drake (shapeshifter) (D:10)
  2 ice beasts
  A sky beast (D:7)
  39 orc warriors
  15 ogres
  41 wolves
  12 centaurs
  8 small abominations (Depths:3)
  4 kobold brigands
  4 bullfrogs
  A gnoll sergeant (D:9)
  5 necrophages
  2 scorpions
  2 earth elementals
  A cane toad simulacrum (IceCv)
  12 wights
  A spriggan zombie (Crypt:1)
  22 killer bees
  A yak skeleton (Crypt:1)
  4 electric eels (D:10)
  6 howler monkeys
  A crimson imp (Orc:1)
  A wolf skeleton (Crypt:1)
  A centaur zombie (D:9)
  3 hounds
  21 orc priests
  An iron imp (Orc:1)
  2 jellies
  5 gnoll boudas
  6 iguanas
  Ijyb (D:4)
  32 orc wizards
  2 hell rats (D:11)
  A polar bear simulacrum (IceCv)
  2 wolf simulacra (IceCv)
  A tengu skeleton (Crypt:2)
  11 mummies (Crypt:3)
  31 gnolls
  5 adders
  2 river rats
  2 shadow imps
  2 white imps
  An ufetubus (D:5)
  A worm zombie (Crypt:1)
  3 worms
  6 dart slugs
  115 orcs
  7 bats
  9 endoplasms
  6 giant cockroaches
  11 goblins
  5 hobgoblins
  13 jackals
  19 kobolds
  8 quokkas
  9 ball pythons
  A frilled lizard (D:2)
  A gnoll skeleton (Crypt:2)
  A jackal skeleton (Crypt:2)
  A quokka skeleton (Crypt:1)
  12 rats
  A spectral weapon (Shoals:4)
  13 tentacles
2470 creatures vanquished.

Vanquished Creatures (collateral kills)
  Mara (Shoals:4)
  The ghost of Arizal the Axe Maniac, a veteran MiBe of Trog (Crypt:2)
  A caustic shrike (Depths:4)
  A golden dragon (Vaults:5)
  A shadow dragon (Vaults:5)
  A draconian monk (Zot:4)
  A vault warden (Vaults:5)
  A deep elf elementalist (Elf:3)
  2 deep elf annihilators
  2 black draconians
  A green draconian (Depths:4)
  A yellow draconian (Depths:4)
  A white draconian (Zot:4)
  A merfolk impaler (Crypt:2)
  A merfolk javelineer (Crypt:2)
  A yaktaur captain (Vaults:5)
  A centaur warrior (Vaults:1)
  3 dancing weapons (Elf:2)
  A two-headed ogre (Vaults:5)
  A merfolk avatar (Shoals:4)
  An alligator snapping turtle (Shoals:4)
  A death yak (D:11)
  A deep troll earth mage (Depths:4)
  A deep elf knight (Elf:1)
  2 iron trolls (Depths:4)
  5 deep trolls
  An orc knight (Orc:2)
  2 wizards
  2 ironbound convokers
  4 deep elf zephyrmancers
  A harpy (Vaults:1)
  2 deep elf pyromancers
  A manticore (Shoals:4)
  2 merfolk sirens (Shoals:4)
  A wind drake (Shoals:4)
  A merfolk (Shoals:4)
  A water elemental (Depths:4)
  A warg (Orc:2)
  4 orc warriors (Orc:2)
  A scorpion (D:5)
  A jelly (D:5)
  4 orcs
  A rat (D:11)
65 creatures vanquished.

Vanquished Creatures (others)
  An Orb Guardian (Zot:5)
  A salamander tyrant (Snake:4)
  A dancing weapon (Elf:2)
  A deep elf knight (Elf:2)
  A deep elf zephyrmancer (Elf:2)
  A salamander (Snake:3)
  4 wizards
  A black mamba (Snake:1)
  A merfolk (Shoals:1)
  A basilisk (Lair:5)
  A swamp drake (Snake:3)
  A howler monkey simulacrum (D:9)
  An orc (Vaults:5)
  11 tentacles (Shoals:2)
27 creatures vanquished.

Grand Total: 2562 creatures vanquished

Notes
Turn   | Place    | Note
-------+----------+-------------------------------------------
     0 | D:1      | Gargoyl the Gargoyle Berserker began the quest for the Orb.
     0 | D:1      | Reached XP level 1. HP: 14/14 MP: 1/1
    64 | D:1      | Reached XP level 2. HP: 17/19 MP: 2/2
   436 | D:1      | Reached XP level 3. HP: 24/24 MP: 3/3
   745 | D:1      | Reached ** piety under Trog
  1162 | D:2      | Reached XP level 4. HP: 29/29 MP: 4/4
  1660 | D:3      | Found a faded altar of an unknown god.
  1678 | D:3      | Reached XP level 5. HP: 33/33 MP: 5/5
  1924 | D:3      | Reached *** piety under Trog
  2420 | D:4      | Reached skill level 1 in Shields
  2490 | D:4      | Noticed an ogre
  2502 | D:4      | Killed an ogre
  2503 | D:4      | Reached XP level 6. HP: 33/39 MP: 6/6
  2567 | D:4      | Reached skill level 5 in Axes
  2666 | D:4      | Found a bloodstained altar of Trog.
  2667 | D:4      | Noticed a wizard
  2673 | D:4      | Killed a wizard
  2744 | D:4      | Found a glowing drain.
  2748 | Sewer    | Entered a sewer
  2835 | Sewer    | Reached XP level 7. HP: 26/44 MP: 4/7
  2913 | Sewer    | Found a white marble altar of Elyvilon.
  3104 | D:4      | Found Ukhlikec's Assorted Antiques.
  3115 | D:4      | Found a glowing silver altar of Zin.
  3315 | D:4      | Reached **** piety under Trog
  3327 | D:4      | Identified a scroll of acquirement
  3327 | D:4      | Acquired the ring "Gaoc" {rF++ rC+ rN+}
  3367 | D:4      | Noticed Ijyb
  3380 | D:4      | Killed Ijyb
  3628 | D:4      | Reached skill level 5 in Fighting
  3743 | D:4      | Bought a scroll of teleportation for 51 gold pieces
  3743 | D:4      | Bought a scroll labelled CASIRI WICIFIN for 17 gold pieces
  3771 | D:5      | Entered Level 5 of the Dungeon
  3771 | D:5      | Found Hagh's Antique Armour Boutique.
  3942 | D:5      | Found a staircase to the Ecumenical Temple.
  3963 | D:5      | Reached XP level 8. HP: 49/49 MP: 8/8
  4032 | D:5      | Found Geor's Distillery.
  4050 | D:5      | Reached skill level 5 in Armour
  4132 | D:5      | Bought a potion of heal wounds for 65 gold pieces
  4307 | D:5      | Found Pourreal's Assorted Antiques.
  4874 | D:6      | Found a glowing golden altar of the Shining One.
  5119 | D:6      | Found an opulent altar of Gozag.
  5122 | D:6      | Found a hazy altar of Hepliaklqana.
  5125 | D:6      | Found an ornate altar of the Wu Jian Council.
  5139 | D:6      | Found a shimmering altar of Xom.
  5155 | D:6      | Noticed Eustachio
  5170 | D:6      | Killed Eustachio
  5327 | D:6      | Noticed Pikel
  5349 | D:6      | Killed Pikel
  5350 | D:6      | Reached XP level 9. HP: 55/55 MP: 6/9
  5374 | D:6      | Noticed Menkaure
  5388 | D:6      | Killed Menkaure
  5390 | D:6      | Acquired a manual of Axes
  5689 | D:7      | Identified the ring of Red Wine {rPois rF- Str+6 Int+4}
  5870 | D:7      | Found a broken altar of Ashenzari.
  6101 | D:7      | Found a shimmering blue altar of Sif Muna.
  6678 | D:8      | Found a snail-covered altar of Cheibriados.
  7042 | D:8      | Noticed a deep elf pyromancer
  7054 | D:8      | Killed a deep elf pyromancer
  7055 | D:8      | Reached skill level 10 in Axes
  7055 | D:8      | Reached skill level 1 in Stealth
  7055 | D:8      | Reached XP level 10. HP: 61/61 MP: 8/10
  7939 | D:9      | Found Izas's Weapon Emporium.
  7968 | D:9      | Reached XP level 11. HP: 63/68 MP: 9/11
  7975 | D:9      | Reached skill level 5 in Shields
  8010 | D:9      | Found a runed translucent gate.
  8020 | D:9      | Found a runed translucent gate.
  8020 | D:9      | Found a runed translucent gate.
  8020 | D:9      | Noticed greenbourne's ghost (novice SpEn)
  8347 | D:9      | Noticed a two-headed ogre
  8380 | D:9      | Killed a two-headed ogre
  8578 | D:9      | Noticed Prince Ribbit
  8601 | D:9      | Killed Prince Ribbit
  8869 | D:9      | Noticed a fire crab
  8869 | D:9      | Noticed a cyclops
  8869 | D:9      | Noticed a centaur warrior
  8870 | D:9      | Found a runed translucent door.
  8872 | D:9      | Noticed a deep elf pyromancer
  8872 | D:9      | Noticed a centaur warrior
  8872 | D:9      | Noticed a boulder beetle
  8872 | D:9      | Noticed a fire crab
  8980 | D:9      | Found a staircase to the Orcish Mines.
  9067 | D:9      | Killed a centaur warrior
  9153 | D:9      | Killed a boulder beetle
  9191 | D:9      | Killed a fire crab
  9201 | D:9      | Killed a cyclops
  9202 | D:9      | Killed a centaur warrior
  9218 | D:9      | Killed a deep elf pyromancer
  9352 | D:9      | Found the +6 lightning scales {swift, rElec}
  9402 | D:9      | Killed greenbourne's ghost
  9623 | D:10     | Entered Level 10 of the Dungeon
  9623 | D:10     | Found a transporter.
  9627 | D:10     | Found a sacrificial altar of Ru.
  9675 | D:10     | Noticed a two-headed ogre
  9683 | D:10     | Killed a two-headed ogre
  9684 | D:10     | Reached skill level 10 in Armour
  9718 | D:10     | Noticed a catoblepas
  9732 | D:10     | Killed a catoblepas
  9733 | D:10     | Reached XP level 12. HP: 40/76 MP: 4/12
  9898 | D:10     | Found a transporter.
  9898 | D:10     | Noticed a two-headed ogre
  9898 | D:10     | Noticed a two-headed ogre
  9898 | D:10     | Noticed eye's ghost (journeyman MeEE)
  9898 | D:10     | Identified the +3 great mace of Responsibility {pain,
                  | rPois}
  9898 | D:10     | Identified the +3 great mace of Conversion {freeze, rN++}
  9898 | D:10     | Noticed a two-headed ogre
 10537 | D:10     | Reached skill level 10 in Fighting
 10725 | D:10     | Reached skill level 15 in Axes
 10727 | D:10     | Reached skill level 5 in Dodging
 10863 | D:10     | Noticed a stone giant
 10880 | D:10     | Killed a stone giant
 10999 | D:10     | Noticed a fire dragon
 11015 | D:10     | Killed a fire dragon
 11079 | D:10     | Noticed a tengu warrior
 11097 | D:10     | Killed a tengu warrior
 11111 | D:10     | Noticed a centaur warrior
 11136 | D:10     | Killed a centaur warrior
 11154 | D:10     | Reached XP level 13. HP: 35/83 MP: 4/13
 11423 | D:9      | Bought a +1 hand axe of electrocution for 232 gold pieces
 11457 | D:11     | Noticed Lodul
 11468 | D:11     | Killed Lodul
 11807 | D:11     | Noticed Josephine
 11816 | D:11     | Killed Josephine
 11853 | D:11     | Found a staircase to the Lair.
 12058 | D:11     | Noticed Gastronok
 12088 | D:11     | Killed Gastronok
 12546 | D:11     | Noticed Erica
 12556 | D:11     | Killed Erica
 12761 | Lair:1   | Entered Level 1 of the Lair of Beasts
 12816 | Lair:1   | Noticed Amaemon
 12834 | Lair:1   | Killed Amaemon
 13558 | Lair:2   | Upgraded the game from 0.31-a0-569-g7ea453304b to
                  | 0.31-a0-627-gd65175cf8b
 13670 | Lair:2   | Found a staircase to the Shoals.
 13684 | Lair:2   | Gained mutation: Your large and strong wings let you fly.
                  | [Gargoyle growth]
 13684 | Lair:2   | Reached XP level 14. HP: 79/92 MP: 12/14
 13684 | Lair:2   | Reached ***** piety under Trog
 14506 | Lair:3   | Received a gift from Trog
 14577 | Lair:3   | Reached skill level 1 in Throwing
 14673 | Lair:3   | Found a staircase to the Snake Pit.
 14887 | Lair:3   | Found a frozen archway.
 14905 | IceCv    | Entered an ice cave
 14932 | IceCv    | Found a transporter.
 14953 | IceCv    | Found a transporter.
 15802 | Lair:4   | You are sucked into a shaft and drop 1 floor!
 15802 | Lair:5   | Entered Level 5 of the Lair of Beasts
 15826 | Lair:5   | Reached skill level 1 in Long Blades
 16256 | Lair:5   | Noticed Snorg
 16274 | Lair:5   | Killed Snorg
 16647 | Lair:4   | Reached skill level 10 in Shields
 16798 | Lair:4   | Reached XP level 15. HP: 100/100 MP: 15/15
 16904 | Lair:4   | Reached skill level 5 in Stealth
 18032 | Lair:5   | Received a gift from Trog
 18425 | Lair:5   | Identified the +5 whip of Eternity {flame, rElec rPois MP+9
                  | Str+3}
 18548 | Lair:5   | Received a gift from Trog
 19158 | D:12     | Found a bloodstained altar of Trog.
 19161 | D:12     | Identified the ring "Regonopo" {Drain rF+ Int+6 Slay+3}
 19481 | D:12     | Noticed mohammadb5305's ghost (journeyman HuFE)
 19504 | D:12     | Found a runed translucent gate.
 19504 | D:12     | Found a runed translucent gate.
 19504 | D:12     | Found a runed translucent gate.
 19950 | D:12     | Killed mohammadb5305's ghost
 20042 | D:13     | Noticed Urug
 20042 | D:13     | Found a gate to the Vaults.
 20058 | D:13     | Reached XP level 16. HP: 107/107 MP: 16/16
 20062 | D:13     | Reached skill level 15 in Fighting
 20074 | D:13     | Killed Urug
 20284 | D:13     | Noticed Sonja
 20303 | D:13     | Killed Sonja
 20628 | D:13     | Noticed Erolcha
 20631 | D:13     | Noticed Maurice
 20640 | D:13     | Killed Erolcha
 20761 | D:14     | Gained mutation: Your body sometimes deteriorates upon
                  | taking damage. [potion of mutation]
 20761 | D:14     | Gained mutation: Your magical capacity is low. (-10% MP)
                  | [potion of mutation]
 20761 | D:14     | Gained mutation: You are partially covered in iridescent
                  | scales. (AC +2) [potion of mutation]
 20761 | D:14     | Gained mutation: You are agile. (Dex +4, Str/Int -1)
                  | [potion of mutation]
 20762 | D:14     | Lost mutation: Your magical capacity is low. (-10% MP)
                  | [potion of mutation]
 20762 | D:14     | Lost mutation: Your body sometimes deteriorates upon taking
                  | damage. [potion of mutation]
 20762 | D:14     | Lost mutation: You are agile. (Dex +4, Str/Int -1) [potion
                  | of mutation]
 20762 | D:14     | Gained mutation: Your flesh is cold resistant. (rC+)
                  | [potion of mutation]
 20930 | D:14     | Received a gift from Trog
 20973 | D:14     | Killed Maurice
 21129 | D:14     | Identified the +2 kite shield "Buucsikh" {+Blink}
 21199 | D:14     | Found a shimmering blue altar of Sif Muna.
 21436 | D:15     | Entered Level 15 of the Dungeon
 21442 | D:15     | Found a staircase to the Depths.
 22462 | Orc:1    | Entered Level 1 of the Orcish Mines
 22560 | Orc:1    | Identified the +6 hand axe of Mimept {flame, Will+} (Trog
                  | gifted it to you on level 1 of the Orcish Mines)
 22560 | Orc:1    | Received a gift from Trog
 22935 | Orc:1    | Found the +2 hat of the Bear Spirit {Spirit, Bear, *Rage
                  | Will++}
 22941 | Orc:1    | Identified the -1 hat of the Gate {rF+ rCorr}
 23051 | Orc:2    | Entered Level 2 of the Orcish Mines
 23091 | Orc:2    | Found a staircase to the Elven Halls.
 23164 | Orc:2    | Found Iwkuaty's Antique Weapon Shoppe.
 23400 | Orc:2    | Paralysed by an orc sorcerer for 5 turns
 23415 | Orc:2    | Received a gift from Trog
 23422 | Orc:2    | Found Ogoteps's Antique Armour Boutique.
 23513 | Orc:2    | Found Higgeump's Jewellery Shop.
 24005 | Orc:2    | Reached XP level 17. HP: 115/115 MP: 17/17
 24021 | Orc:2    | Found Meuzirgh's Antique Weapon Shop.
 24032 | Orc:2    | Bought a pitted war axe for 246 gold pieces
 24032 | Orc:2    | Identified the +5 war axe of the Dozen Planets {freeze, rF+
                  | rC+} (You bought it in a shop on level 2 of the Orcish
                  | Mines)
 24150 | Elf:1    | Entered Level 1 of the Elven Halls
 24155 | Elf:1    | Paralysed by an air elemental for 1 turns
 24160 | Elf:1    | Paralysed by an air elemental for 1 turns
 24175 | Elf:1    | Paralysed by an air elemental for 1 turns
 24421 | Elf:1    | Reached skill level 10 in Dodging
 24498 | Elf:1    | Noticed a Tzitzimitl
 24503 | Elf:1    | Received a gift from Trog
 24860 | Elf:1    | Noticed Roxanne
 24897 | Elf:1    | Killed Roxanne
 25168 | Elf:1    | Identified the +1 flail of Terra Cotta {venom, rN+ Int-3
                  | Dex+3}
 25386 | Elf:2    | Paralysed by an air elemental for 1 turns
 25681 | Elf:2    | Found a runed translucent gate.
 25681 | Elf:2    | Found a runed translucent gate.
 25688 | Elf:2    | Found a runed translucent gate.
 25819 | Elf:2    | Received a gift from Trog
 26078 | Elf:2    | Reached XP level 18. HP: 120/123 MP: 18/18
 26125 | Elf:2    | Reached skill level 15 in Shields
 26784 | Elf:3    | Entered Level 3 of the Elven Halls
 26866 | Elf:3    | Received a gift from Trog
 26938 | Elf:3    | Paralysed by an air elemental for 1 turns
 26982 | Elf:3    | Noticed a Hell Sentinel
 26993 | Elf:3    | Noticed an Ice Fiend
 27056 | Elf:3    | Identified the amulet of Useubb {Spirit Fly}
 27056 | Elf:3    | Noticed a deep elf blademaster
 27061 | Elf:3    | Identified the ring of Siqossie {Will- Str+7 SInv}
 27075 | Elf:3    | Noticed a deep elf master archer
 27080 | Elf:3    | Killed a deep elf blademaster
 27087 | Elf:3    | Killed a deep elf master archer
 27264 | Elf:3    | Found Mure's Armour Shop.
 27490 | Elf:2    | Found a radiant altar of Vehumet.
 27715 | Elf:3    | Identified the +1 great sword "Apnaliva" {heavy, rPois rF+}
 27718 | Elf:3    | Identified the +3 battleaxe of Satank {flame, *Noise Will+
                  | rCorr Int+4}
 27749 | Elf:3    | Identified the ring of Tuev {rF+ AC+4 Str+5 Stlth+}
 27821 | Elf:3    | Identified the +3 war axe of Susomp {pain, rElec rF- rC+++
                  | Dex+4}
 28249 | Elf:3    | Identified the +2 glaive of Urgency {venom, Str+3}
 28314 | Elf:3    | Identified the +1 spear of the Fifty Quests {venom, SInv}
 28653 | Vaults:1 | Entered Level 1 of the Vaults
 28677 | Vaults:1 | Identified the +3 arbalest of Departure {penet, Drain rPois
                  | rC+++}
 28715 | Vaults:1 | Reached XP level 19. HP: 130/130 MP: 19/19
 28749 | Vaults:1 | Found a crumbling gateway.
 28759 | Vaults:1 | Identified the +4 long sword "Qerroe" {flame, rN+ Int+3}
 30471 | Vaults:2 | Identified the +10 dagger "Saiw" {vamp, rC+ Will+ SInv}
 30510 | Vaults:2 | Noticed Donald
 30541 | Vaults:2 | Reached XP level 20. HP: 54/139 MP: 20/20
 30545 | Vaults:2 | Killed Donald
 31184 | Vaults:3 | You are sucked into a shaft and drop 1 floor!
 31403 | Vaults:3 | Found Magom's Assorted Antiques.
 31585 | Vaults:3 | Found a staircase to the Crypt.
 32428 | Vaults:3 | Received a gift from Trog
 32435 | Vaults:3 | Reached ****** piety under Trog
 32921 | Vaults:4 | Found Evesch's Antique Armour Boutique.
 32924 | Vaults:4 | Noticed Frederick
 32941 | Vaults:4 | Killed Frederick
 32958 | Vaults:4 | Bought a shiny helmet for 180 gold pieces
 33169 | Vaults:4 | Noticed Boris
 33188 | Vaults:4 | Killed Boris
 33189 | Vaults:4 | Reached XP level 21. HP: 146/146 MP: 21/21
 33599 | Vaults:5 | Entered Level 5 of the Vaults
 33701 | Vaults:4 | Paralysed by a sphinx for 3 turns
 33703 | Vaults:4 | Received a gift from Trog
 33874 | Vaults:5 | Paralysed by an ogre mage for 2 turns
 34244 | Vaults:5 | Noticed a dread lich
 34268 | Vaults:5 | Paralysed by a dread lich for 3 turns
 34370 | Vaults:5 | Found the +7 mace of Variability {chaos, chaos arc}
 34570 | Vaults:5 | Received a gift from Trog
 34583 | Vaults:5 | Paralysed by a dread lich for 3 turns
 34588 | Vaults:5 | Killed a dread lich
 34675 | Vaults:5 | Noticed an ancient lich
 34695 | Vaults:5 | Noticed a golden dragon
 34696 | Vaults:5 | Killed an ancient lich
 34717 | Vaults:5 | Killed a golden dragon
 34950 | Vaults:5 | Reached XP level 22. HP: 155/155 MP: 22/22
 35131 | Vaults:5 | Identified the +2 ring mail "Diqougeck" {rPois rC+}
 35394 | Vaults:5 | Got a silver rune of Zot
 35501 | Vaults:5 | Identified the +7 lajatang of Agony {heavy, *Slow Str+3
                  | Int+5 SInv}
 35963 | Vaults:5 | Identified the staff of Fedhas's Favour {rF+ Will+ MP-9
                  | Int+3 Fire}
 35977 | Vaults:5 | Identified the staff "Queff" {rElec rF+ SInv Hexes Fire}
 36026 | Vaults:5 | Received a gift from Trog
 36342 | Vaults:5 | Identified the +3 robe "Oxtoameng" {Dex+4}
 36638 | Snake:1  | Entered Level 1 of the Snake Pit
 36721 | Snake:1  | Found a flickering gateway to a bazaar.
 36753 | Bazaar   | Entered a bazaar
 36795 | Bazaar   | Found Mitz's Magic Scroll Shoppe.
 36811 | Bazaar   | Found Ifash's Weapon Emporium.
 36811 | Bazaar   | Found Rosinetz's Antique Armour Shoppe.
 36833 | Bazaar   | Found Luaq's Magic Scroll Emporium.
 36833 | Bazaar   | Found Datiydem's Assorted Antiques.
 36863 | Bazaar   | Bought a scroll of enchant weapon for 60 gold pieces
 36905 | Bazaar   | Bought a scroll of blinking for 82 gold pieces
 36905 | Bazaar   | Bought 3 scrolls of teleportation for 99 gold pieces
 36905 | Bazaar   | Bought a scroll of enchant armour for 82 gold pieces
 36905 | Bazaar   | Bought a scroll of teleportation for 33 gold pieces
 36905 | Bazaar   | Bought a scroll of blinking for 82 gold pieces
 37148 | Snake:1  | You are sucked into a shaft and drop 1 floor!
 37759 | Snake:2  | Received a gift from Trog
 38520 | Snake:3  | Found Quve's Antique Weapon Emporium.
 38691 | Snake:3  | Received a gift from Trog
 38830 | Snake:3  | Reached XP level 23. HP: 143/162 MP: 23/23
 39157 | Snake:4  | Entered Level 4 of the Snake Pit
 39355 | Snake:4  | Noticed Vashnia
 39459 | Snake:4  | Killed Vashnia
 39561 | Snake:4  | Received a gift from Trog
 39904 | Snake:4  | Noticed Mlioglotl
 39912 | Snake:4  | Killed Mlioglotl
 40149 | Snake:4  | Got a serpentine rune of Zot
 40279 | Snake:4  | Found Mir Ewaq's Jewellery Emporium.
 40280 | Snake:4  | Found Oteu's Book Shop.
 40281 | Snake:4  | Found Umam's Jewellery Emporium.
 40445 | Shoals:1 | Entered Level 1 of the Shoals
 40462 | Shoals:1 | Received a gift from Trog
 41572 | Shoals:2 | Received a gift from Trog
 41631 | Shoals:2 | Noticed Ilsuiw
 41665 | Shoals:2 | Killed Ilsuiw
 42076 | Shoals:2 | Reached XP level 24. HP: 170/170 MP: 23/23
 42160 | Shoals:2 | Identified the +0 swamp dragon scales "Walis" {rPois Regen+
                  | Str+3 Dex+3 Slay+2}
 42164 | Shoals:2 | Identified the +6 war axe of Perversion {flame, rF+}
 42227 | Shoals:2 | Received a gift from Trog
 42705 | Shoals:3 | Noticed Polyphemus
 42717 | Shoals:3 | Reached skill level 15 in Dodging
 42722 | Shoals:3 | Killed Polyphemus
 42794 | Shoals:3 | Identified the amulet "Wyq Vehiom" {Harm Will+ Regen+}
 43290 | Shoals:4 | Entered Level 4 of the Shoals
 43354 | Shoals:4 | Noticed Bai Suzhen
 43373 | Shoals:4 | Killed Bai Suzhen
 43554 | Shoals:4 | Received a gift from Trog
 43557 | Shoals:4 | Noticed Mara
 43571 | Shoals:4 | Noticed Gargoyl's illusion
 43575 | Shoals:4 | Killed Mara
 43642 | Shoals:4 | Got a barnacled rune of Zot
 44445 | Crypt:1  | Entered Level 1 of the Crypt
 45592 | Crypt:2  | Paralysed by a vampire knight for 3 turns
 45696 | Crypt:2  | Found a runed translucent gate.
 45696 | Crypt:2  | Found a runed translucent gate.
 45696 | Crypt:2  | Found a runed translucent gate.
 45697 | Crypt:2  | Noticed Arizal's ghost (veteran MiBe)
 45719 | Crypt:2  | Received a gift from Trog
 46337 | Crypt:2  | Found an iron altar of Okawaru.
 46359 | Crypt:2  | Killed Arizal's ghost
 46363 | Crypt:2  | Reached XP level 25. HP: 178/178 MP: 23/23
 46430 | Crypt:3  | Entered Level 3 of the Crypt
 46803 | Crypt:3  | Received a gift from Trog
 46865 | Crypt:3  | Found the +8 Vampire's Tooth {megavamp}
 47114 | Crypt:3  | Found a staircase to the Tomb.
 47395 | Crypt:3  | Noticed Margery
 47414 | Crypt:3  | Killed Margery
 47511 | Crypt:3  | Found an ancient bone altar of Kikubaaqudgha.
 47535 | Crypt:3  | Noticed a dread lich
 47565 | Crypt:3  | Killed a dread lich
 47582 | Crypt:3  | Identified the +6 whip "Wiguiph" {freeze, rF+ Int+3}
 48182 | Depths:1 | Entered Level 1 of the Depths
 48294 | Depths:1 | Found a one-way gate to the infinite horrors of the Abyss.
 48345 | Depths:1 | Received a gift from Trog
 48446 | Depths:1 | Found a gateway to Hell.
 49131 | Depths:2 | Received a gift from Trog
 49611 | Depths:2 | Found a corrupted altar of Lugonu.
 49715 | Depths:2 | Found a one-way gate leading to the halls of Pandemonium.
 50078 | Depths:2 | Paralysed by a vampire knight for 5 turns
 50205 | Depths:3 | Noticed Boris
 50214 | Depths:3 | Killed Boris
 50306 | Depths:3 | Received a gift from Trog
 50335 | Depths:3 | Reached XP level 26. HP: 188/188 MP: 23/23
 50401 | Depths:3 | Noticed a juggernaut
 50421 | Depths:3 | Killed a juggernaut
 50608 | Depths:3 | Reached skill level 27 in Shields
 50902 | Depths:3 | Found a one-way gateway to a ziggurat.
 51531 | Depths:4 | Entered Level 4 of the Depths
 51676 | Depths:4 | Received a gift from Trog
 51718 | Depths:4 | Noticed Boris
 51744 | Depths:4 | Killed Boris
 51998 | Depths:4 | Found a gate to the Realm of Zot.
 52135 | Depths:4 | Found a sparkling altar of Nemelex Xobeh.
 52832 | Zot:1    | Entered Level 1 of the Realm of Zot
 53213 | Zot:1    | Reached skill level 27 in Fighting
 53392 | Zot:1    | Received a gift from Trog
 53707 | Zot:2    | Identified the +8 quarterstaff of Corporal Punishment
                  | {freeze, rC- Int+5}
 53726 | Zot:2    | Reached XP level 27. HP: 192/199 MP: 23/23
 54606 | Zot:3    | Noticed Vv
 54647 | Zot:3    | Killed Vv
 56105 | Zot:3    | Identified the +7 war axe of Awkwardness {heavy, rCorr}
                  | (Trog gifted it to you on level 3 of the Realm of Zot)
 56105 | Zot:3    | Received a gift from Trog
 56303 | Zot:4    | Identified the +1 cloak "Iptece" {Harm rElec rCorr Slay-4}
 56588 | Zot:5    | Entered Level 5 of the Realm of Zot
 57044 | Zot:5    | Noticed an orb of fire
 57050 | Zot:5    | Noticed an orb of fire
 57050 | Zot:5    | Noticed a dread lich
 57054 | Zot:5    | Noticed a dread lich
 57057 | Zot:5    | Noticed an ancient lich
 57060 | Zot:5    | Gained mutation: You occasionally lose the ability to read
                  | scrolls when taking damage. [an orb of fire]
 57061 | Zot:5    | Noticed an ancient lich
 57069 | Zot:5    | Killed an orb of fire
 57078 | Zot:5    | Killed an orb of fire
 57079 | Zot:5    | Paralysed by a dread lich for 5 turns
 57084 | Zot:5    | Noticed an orb of fire
 57089 | Zot:5    | Killed a dread lich
 57090 | Zot:5    | Noticed an orb of fire
 57093 | Zot:5    | Killed an ancient lich
 57096 | Zot:5    | Killed an ancient lich
 57097 | Zot:5    | Gained mutation: You do not regenerate when monsters are
                  | visible. [an orb of fire]
 57098 | Zot:5    | Gained mutation: You sometimes lose your temper in combat.
                  | [an orb of fire]
 57099 | Zot:5    | Gained mutation: You are weak. (Str -2) [an orb of fire]
 57099 | Zot:5    | HP: 10/298 [Killer Klown/+8 vampiric club (20)]
 57101 | Zot:5    | Killed a dread lich
 57103 | Zot:5    | Gained mutation: You sometimes lose the ability to read
                  | scrolls when taking damage. [an orb of fire]
 57107 | Zot:5    | Mangled by a death cob

Illustrated notes

Levels and vault maps discovered:
D:1:      reono_arrival_forest_river, layout_loops_corners, serial_bayou_ford_a,
          minmay_fountain_box
D:2:      layout_rooms
D:3:      layout_basic, ebering_ecumenical_altar_ruins, corexii_shack
D:4:      kennysheep_goblin_castle, layout_rooms, trog_wizard, zin_academy,
          gup_sewer_entry_bowl, kennysheep_windowed_goal
D:5:      layout_cave_pods, minmay_temple_entry_glassed_door, serial_shops,
          nicolae_shop_tiny_waterfront, nicolae_stop_n_shop_2,
          nicolae_shop_peninsula, uniq_ijyb
D:6:      layout_rooms, lemuel_crystal_altar, grunt_temple_overflow_cloverleaf,
          hangedman_abyss_or_decor_jellyfish_corner, uniq_pikel, uniq_menkaure,
          uniq_eustachio
D:7:      layout_basic, mainiacjoe_overflow_surrounded_room,
          lemuel_crystal_altar, nicolae_letterblocks [nicolae_letter_subblock,
          nicolae_letter_subblock, nicolae_letter_subblock,
          nicolae_letter_subblock, nicolae_letter_subblock,
          nicolae_letter_subblock, nicolae_letter_subblock,
          nicolae_letter_subblock, nicolae_letter_subblock,
          nicolae_letter_subblock, nicolae_letter_subblock,
          nicolae_letter_subblock, nicolae_letter_subblock,
          nicolae_letter_subblock, nicolae_letter_subblock,
          nicolae_letter_subblock, nicolae_letter_subblock,
          nicolae_letter_subblock, nicolae_letter_subblock,
          nicolae_letter_subblock, nicolae_letter_subblock,
          nicolae_letter_subblock, nicolae_letter_subblock,
          nicolae_letter_subblock, nicolae_letter_subblock]
D:8:      layout_basic, mainiacjoe_overflow_24_doors, minmay_holes,
          guppyfry_early_elven_hall
D:9:      minmay_gate_of_8, layout_basic, orc_0_dummy, serial_undead,
          serial_undead_f, serial_undead_d, serial_undead_d, serial_undead_b,
          biasface_ghost_orc_armoury, serial_shops, shop, uniq_prince_ribbit1
D:10:     nzn_winding_woodlands_large [nzn_winding_woodlands_5x5_default,
          nzn_winding_woodlands_5x15_sidewinder,
          nzn_winding_woodlands_5x5_closed_star,
          nzn_winding_woodlands_center_pierced_h,
          nzn_winding_woodlands_15x15_thick_spiral,
          nzn_winding_woodlands_center_diamonds,
          nzn_winding_woodlands_5x5_default,
          nzn_winding_woodlands_5x15_pathside_ponds,
          nzn_winding_woodlands_5x5_open_star], layout_basic,
          nicolae_ru_path_of_blood, gammafunk_ghost_smash, grunt_ministairs_13,
          minmay_misc_feat_room
D:11:     layout_basic, dpeg_lair_monsters, uniq_lodul, uniq_josephine,
          uniq_gastronok, uniq_erica
D:12:     layout_basic, maelrawn_ghost_gauntlet_escape,
          trog_three_pillars_becter
D:13:     layout_long_grid, david_vaults_3, uniq_sonja, uniq_maurice,
          uniq_erolcha
D:14:     layout_big_octagon, lemuel_blue_sif_altar, kennysheep_potato
D:15:     gammafunk_depths_entry_grave, layout_long_grid, minmay_misc_feat_x,
          serial_rivers, chequers_serial_rivers_small_3,
          chequers_serial_rivers_micro_c, chequers_serial_rivers_micro_b,
          chequers_serial_rivers_large_a, minivault_22, drop_trap
Lair:1:   layout_roguey, patterned_corridor, uniq_amaemon
Lair:2:   layout_misc_corridors, minmay_shoals_entry_centaurs,
          grunt_megastairs_4
Lair:3:   cheibrodos_lair_river_kwai, layout_concentric_octagons,
          minmay_snake_entry_guardpost_small, portal_ice_cave_rime,
          grunt_megastairs_3, serial_bayou_shore_b, lemuel_fruit_tree, uniq_urug
Lair:4:   layout_regular_city, slime_entry_2, beast_lair_carwin_4,
          serial_bayou_shore_a
Lair:5:   guppyfry_lair_end_dragon, layout_gridlike,
          hangedman_lair_caniforms_friends, grunt_megastairs_1, uniq_snorg
Shoals:1: cheibrodos_shoals_satyrical_garden, layout_shoals
Shoals:2: nicolae_shoals_lighthouse, layout_shoals,
          nicolae_shoals_lost_giant_pillars, uniq_ilsuiw
Shoals:3: layout_shoals, uniq_polyphemus
Shoals:4: shoals_end_grunt_garden, layout_shoals, shoals_ilsuiw_ice,
          uniq_bai_suzhen, uniq_mara
Snake:1:  layout_rooms, serial_corexii_hall, corexii_hall_statues_x,
          corexii_hall_statues_i, serial_shops, bzr_in_the_mist
Snake:2:  layout_onion_interference, nicolae_snake_magic_snake_eye
Snake:3:  onia_ninara_swampy_vault, layout_misc_corridors, serial_shops, shop,
          nicolae_snake_slithery_hallway, st_stairs_7
Snake:4:  grunt_snake_rune_pools, layout_cave_town, st_stairs_9,
          minmay_shop_grove, uniq_mlioglotl, uniq_vashnia
Orc:1:    layout_diamond_mine, nicolae_orc_rockfall, hangedman_minor_magic
Orc:2:    grunt_orc_community_town_hall, layout_diamond_mine,
          grunt_orc_community_big_house_1, grunt_orc_community_big_house_1,
          grunt_orc_community_house_1, grunt_orc_community_house_1,
          grunt_orc_community_house_3, grunt_orc_community_house_2,
          minmay_orc_temple_a
Elf:1:    nicolae_elf_arrival_aired_out, layout_loops_cross,
          hangedman_elf_represent, bh_hangedman_babel_library, uniq_roxanne
Elf:2:    nicolae_elf_blades_crystal_corner, layout_rooms,
          nicolae_elevator_lobby_plus, lemuel_upstairs_altar
Elf:3:    minmay_elf_hall_curves, layout_loops_cross, serial_shops,
          nicolae_shop_real_fake_doors
Vaults:1: portal_desolation_entry_nicolae_slug, v_rooms_1,
          nicolae_vaults_shelves_hall, nicolae_vaults_surprise_closet_hard,
          dpeg_vaults_monster_box, nicolae_vaults_storage_room_glass,
          dpeg_vaults_monster_row, nicolae_vaults_yaktaur_gun_rack,
          nicolae_vaults_house_2, vaults_mumra_minichess_inversion,
          vaults_room_fancy_cross, nicolae_vaults_storage_room_doors,
          nicolae_vaults_tetromino_Z_1, nicolae_vaults_house_1,
          layout_vaults_maze_snakey
Vaults:2: nicolae_vaults_trapezoid_4, nicolae_vaults_tetromino_Z_2,
          ontoclasm_vaults_hangar, v_pattern_4, nicolae_vaults_asterisk,
          nicolae_vaults_sesquioval_fish, vaults_mumra_chevron_long,
          vaults_dpeg_doors, nicolae_vaults_little_squares_4,
          hangedman_vaults_locks, grunt_vaults_hallway_short,
          nicolae_vaults_tetromino_T_1, layout_vaults_omnibox, uniq_donald
Vaults:3: nicolae_vaults_loss_of_containment, v_pattern_2,
          hangedman_vaults_impose, minmay_crypt_entry_simple_sparse, v_misc_12,
          v_misc_8, v_misc_25, v_misc_16, nicolae_vaults_tetromino_T_1,
          hangedman_vaults_pinch, vaults_mumra_chevron,
          ontoclasm_vaults_claustrophobia, vaults_room_semicircle,
          nicolae_vaults_storage_closets_2, ontoclasm_vaults_eye,
          hangedman_vaults_stretched_pinwheel, nicolae_vaults_border_crossing,
          layout_vaults_ring, serial_shops, shop
Vaults:4: hangedman_vaults_slice, nicolae_vaults_little_squares_1,
          nicolae_vaults_heist, layout_vaults_quadrants, serial_shops, shop,
          uniq_boris, uniq_frederick
Vaults:5: serial_shops
Crypt:1:  layout_basic, grunt_crypt_arrival_split
Crypt:2:  layout_chaotic_city, gammafunk_ghost_fury_of_okawaru, st_vampire_maze
Crypt:3:  quadcrypt_mu, uniq_margery
Depths:1: layout_gridlike, abyss_entry, hell_entry, nicolae_titane,
          dreamdust_wasp_nest
Depths:2: cheibrodos_quadrivalence, layout_gridlike, serial_corexii_hall,
          corexii_hall_statues_x, corexii_hall_statues_deadend,
          abyss_entry_flame_altar, grunt_pan_entry_in_and_out,
          grunt_hell_entry_dis_old, lemuel_nasty_fountain,
          infiniplex_staircase_split_hallway
Depths:3: kennysheep_four_of_diamonds, layout_basic, enter_ziggurat_f,
          minmay_room_of_horrors, infiniplex_staircase_zigzag_2, hell_entry,
          grunt_pan_entry_zigzag
Depths:4: grunt_twist_and_shout, layout_cave_pools, kennysheep_crisscross,
          hell_entry, nemelex_spade_bored_becter
Zot:1:    layout_basic
Zot:2:    layout_twisted_circle
Zot:3:    layout_misc_corridors, grunt_ministairs_4, lemuel_flame_loot_1,
          uniq_vv, uniq_josephina
Zot:4:    layout_concentric_octagons
Zot:5:    layout_onion, skrybe_zot_glass_1

Skill      XL: |  1  2  3  4  5  6  7  8  9 10 11 12 13 14 15 16 17 18 19 20 21 22 23 24 25 26 27 |
---------------+----------------------------------------------------------------------------------+-----
Axes           | 3 4 5 6 8 10 11 14 15 16 17 18 19 20 21 22 23 24 26 | 26.4
Fighting       | 4 5 6 8 9 10 12 13 14 16 17 18 19 20 21 22 24 25 27 | 27.0
Dodging        | 2 3 4 5 6 7 8 9 10 11 12 13 14 15 16 18 | 18.4
Armour         | 3 4 6 8 9 10 11 12 13 | 13.0
Shields        | 1 2 3 4 6 8 10 11 13 14 16 17 18 19 21 24 25 26 27 | 27.0
Stealth        | 1 2 3 4 5 6 8 |  8.2
Throwing       | 1 |  1.6
Long Blades    | 2 3 |  3.3
Polearms       | |  0.8

Action                     |  1- 3 |  4- 6 |  7- 9 | 10-12 | 13-15 | 16-18 | 19-21 | 22-24 | 25-27 || total
---------------------------+-------+-------+-------+-------+-------+-------+-------+-------+-------++-------
  Melee: Hand axe          |   103 |   211 |   345 |   445 |     5 |       |       |       |       ||  1109
         War axe           |       |       |       |   248 |  1170 |  1585 |       |   372 |   393 ||  3768
         Spear             |       |       |       |       |     7 |       |       |       |       ||     7
         Scimitar          |       |       |       |       |    30 |       |       |       |       ||    30
         Broad axe         |       |       |       |       |       |    21 |  1255 |  1730 |  1492 ||  4498
  Throw: Dart              |       |       |     1 |     3 |     2 |     2 |       |     4 |       ||    12
 Invoke: Berserk           |     1 |     2 |    11 |    15 |    20 |    22 |    18 |     7 |    10 ||   106
         Trog's Hand       |       |       |     4 |    13 |     3 |    17 |    10 |     6 |     7 ||    60
         Brothers in Arms  |       |       |     1 |     1 |     2 |    10 |     6 |     4 |     4 ||    28
    Use: Scroll            |     3 |     4 |     5 |     7 |    13 |    12 |     2 |    10 |     4 ||    60
         Potion            |       |       |       |     1 |     1 |     5 |     2 |       |       ||     9
   Stab: Sleeping          |     2 |       |       |     2 |     6 |    10 |    11 |    27 |    19 ||    77
         Petrified         |       |       |       |     2 |       |       |       |       |       ||     2
         Distracted        |       |       |       |     1 |     1 |     2 |     2 |     7 |     2 ||    15
         Confused          |       |       |       |       |       |       |       |     5 |       ||     5
         Held in net/web   |       |       |       |       |       |       |       |     1 |       ||     1
 Armour: Animal skin       |    38 |       |       |       |       |       |       |       |       ||    38
         Chain mail        |    24 |   102 |   215 |   138 |       |       |       |       |       ||   479
         Acid dragon scale |       |       |       |   185 |   558 |   624 |   554 |   476 |       ||  2397
         Swamp dragon scal |       |       |       |       |       |       |       |   149 |   557 ||   706
  Dodge: Dodged            |    87 |    63 |   174 |   358 |   839 |   682 |   726 |  1226 |   927 ||  5082
         Repelled          |       |       |       |       |       |       |       |    54 |    44 ||    98
  Block: Buckler           |    10 |    38 |    86 |   177 |   669 |   108 |       |       |       ||  1088
         Kite shield       |       |       |       |       |       |   920 |  1108 |  1024 |       ||  3052
         Tower shield      |       |       |       |       |       |       |       |  1642 |  2228 ||  3870
         Reflection        |       |       |       |       |       |       |       |   136 |    21 ||   157

Table legend: (Time is in decaauts)
 A = Elapsed time spent in this place.
 B = Non-inter-level travel time spent in this place.
 C = Inter-level travel time spent in this place.
 D = Time resting spent in this place.
 E = Time spent auto-exploring this place.
 F = Levels seen in this place.
 G = Mean time per level.
                   A        B        C        D        E       F      G
               +--------+--------+--------+--------+--------+-----+--------+
         Total |  55822 |  52576 |   3246 |   2789 |  33109 |  53 | 1053.2 |
       Dungeon |  16498 |  15581 |    917 |    752 |  10922 |  15 | 1099.9 |
          Lair |   5800 |   5425 |    375 |    291 |   3686 |   5 | 1160.0 |
        Shoals |   3680 |   3526 |    154 |     30 |   1949 |   4 |  920.0 |
     Snake Pit |   3386 |   3295 |     91 |     79 |   1868 |   4 |  846.5 |
  Orcish Mines |   1682 |   1512 |    170 |     22 |    999 |   2 |  841.0 |
   Elven Halls |   4278 |   4056 |    222 |    237 |   2167 |   3 | 1426.0 |
        Vaults |   8086 |   7416 |    670 |   1022 |   3929 |   5 | 1617.2 |
         Crypt |   3419 |   3274 |    145 |      0 |   2025 |   3 | 1139.7 |
        Depths |   4140 |   3827 |    313 |     78 |   2670 |   4 | 1035.0 |
           Zot |   4065 |   3879 |    186 |    183 |   2569 |   5 |  813.0 |
        Bazaar |    201 |    201 |      0 |      0 |     96 |   1 |  201.0 |
         Sewer |    323 |    323 |      0 |      0 |    190 |   1 |  323.0 |
      Ice Cave |    258 |    258 |      0 |     93 |     36 |   1 |  258.0 |
               +--------+--------+--------+--------+--------+-----+--------+

Top non-repeatable levels by time:
     D:9: 2501 daAuts
Vaults:5: 2180 daAuts
    D:10: 2005 daAuts
  Lair:5: 1907 daAuts
Vaults:4: 1715 daAuts
Vaults:3: 1678 daAuts
   Elf:2: 1612 daAuts
 Crypt:3: 1489 daAuts
Vaults:2: 1484 daAuts
   Elf:3: 1417 daAuts
Depths:3: 1265 daAuts
   Zot:4: 1254 daAuts
Depths:2: 1250 daAuts
   Elf:1: 1248 daAuts
    D:12: 1213 daAuts
